 Dungeon Crawl Stone Soup version 0.27-a0-1078-g0d77da13b5 (webtiles) character file.

Game seed: 6211969217659910657

75770 LordDeathwing the Cruncher (level 15, -5/93 HPs)
             Began as a Gargoyle Earth Elementalist on Apr 24, 2021.
             Was an Elder of Sif Muna.
             Killed from afar by a frost giant (51 damage)
             ... with a bolt of cold
             ... on level 13 of the Dungeon on Apr 25, 2021.
             The game lasted 04:47:52 (36139 turns).

LordDeathwing the Cruncher (GrEE)                  Turns: 36139, Time: 04:47:52

Health: -5/93      AC: 31    Str: 19    XL:     15   Next: 51%
Magic:  24/24      EV: 11    Int: 27    God:    Sif Muna [****..]
Gold:   560        SH:  0    Dex: 13    Spells: 1/27 levels left

rFire    + . .     SeeInvis +   a - +7 whip of Ancient Evil {elec, Dex+3 Stlth+}
rCold    . . .     Faith    .   (no shield)
rNeg     + + .     Spirit   .   Z - +3 scale mail "Meesmetz" {rF+ Str+4}
rPois    ∞         Reflect  .   g - +0 helmet
rElec    +         Harm     .   S - scarf {repulsion}
rCorr    .         Rampage  .   J - +1 pair of gloves
Will     ++...                  q - +0 pair of boots
Stlth    +++.......             T - macabre finger necklace {rN+}
HPRegen  0.25/turn              K - +4 ring of protection
MPRegen  0.19/turn              h - +6 ring of intelligence
                                t - ring of willpower

@: flying, repel missiles
A: AC +11, big wings, negative energy resistance 1, electricity resistance,
torment resistance 1, unbreathing 1, petrification resistance, see invisible,
strong 1
a: Renounce Religion, Channel Magic, Forget Spell, Divine Exegesis


You were on level 13 of the Dungeon.
You worshipped Sif Muna.
Sif Muna was greatly pleased with you.
You visited 3 branches of the dungeon, and saw 20 of its levels.
You visited 1 bazaar.

You collected 1619 gold pieces.
You spent 1059 gold pieces at shops.

Inventory:

Hand Weapons
 a - the +7 whip of Ancient Evil (weapon) {elec, Dex+3 Stlth+}
   (You bought it in a shop in a bazaar)

   Occasionally, upon striking a foe, it can discharge electrical energy and
   cause terrible harm.
   It affects your dexterity (+3).
   It makes you more stealthy.
 b - the +8 hand crossbow "Yroedese" {venom, Will++ Str-3}
   (You found it on level 12 of the Dungeon)

   It poisons the ammo it fires.
   It affects your strength (-3).
   It greatly increases your willpower.
 r - the +3 rapier of Gukorot {vorpal, rN++ rCorr Int-3}
   (You bought it in a shop in a bazaar)

   It inflicts extra damage upon your enemies.
   It affects your intelligence (-3).
   It greatly protects you from negative energy.
   It protects you from acid and corrosion.
 s - the +3 morningstar of Jegi {vorpal, Str+7}
   (You took it off a centaur on level 13 of the Dungeon)

   It inflicts extra damage upon your enemies.
   It affects your strength (+7).
Missiles
 R - 344 stones (quivered)
 U - 59 bolts
Armour
 g - a +0 helmet (worn)
 j - a +2 buckler
 q - a +0 pair of boots (worn)
 J - a +1 pair of gloves (worn)
 S - a scarf of repulsion (worn)
 Z - the +3 scale mail "Meesmetz" (worn) {rF+ Str+4}
   (You bought it in a shop in a bazaar)

   It affects your strength (+4).
   It protects you from fire.
Magical Staves
 M - a staff of fire
Jewellery
 d - a +6 ring of strength
 h - a +6 ring of intelligence (right hand)
 n - a ring of fire
 o - an amulet of reflection
 t - a ring of willpower (on amulet)
 E - a ring of ice
 K - a +4 ring of protection (left hand)
 L - an amulet of guardian spirit
 T - the macabre finger necklace (around neck) {rN+}
   (You found it on level 4 of the Lair of Beasts)

   [amulet of nothing]

   It enables you to equip an extra ring.
   It protects you from negative energy.
 W - a ring of protection from cold
Wands
 c - a wand of paralysis (24)
 k - a wand of iceblast (15)
 p - a wand of acid (1)
 v - a wand of flame (67)
 D - a wand of charming (9)
 G - a wand of polymorph (10)
 I - a wand of digging (17)
Scrolls
 e - 3 scrolls of amnesia
 f - 3 scrolls of enchant armour
 i - a scroll of enchant weapon
 w - 9 scrolls of teleportation
 y - a scroll of holy word
 F - a scroll of identify
Potions
 l - a potion of resistance
 m - 6 potions of mutation
 u - 6 potions of ambrosia
 x - 3 potions of heal wounds
 z - 2 potions of might
 B - 4 potions of brilliance
 C - 2 potions of berserk rage
 H - 6 potions of curing
 V - a potion of invisibility
Miscellaneous
 A - a phial of floods


   Skills:
 - Level 10.5 Fighting
 + Level 3.2(8.7) Maces & Flails
 - Level 12.3(12.5) Staves
 - Level 2.5 Slings
 * Level 8.6 Armour
 - Level 3.0 Dodging
 - Level 8.0 Stealth
 + Level 6.6 Spellcasting
 - Level 10.0 Conjurations
 - Level 4.0 Translocations
 - Level 5.0 Transmutations
 + Level 5.1 Fire Magic
 - Level 12.0 Earth Magic
 + Level 3.4 Poison Magic
 - Level 8.0 Invocations


You had one spell level left.
You knew the following spells:

 Your Spells              Type           Power      Damage    Failure   Level
a - Sandblast             Erth           100%       2d20      1%          1
b - Bolt of Magma         Conj/Fire/Erth 27%        4d13      11%         5
d - Lee's Rapid Deconstr  Erth           32%        3d18*     3%          5
i - Iron Shot             Conj/Erth      31%        9d6       26%         6
o - Olgreb's Toxic Radia  Pois           27%        N/A       36%         4
p - Passwall              Tmut/Erth      44%        N/A       1%          2
s - Stone Arrow           Conj/Erth      100%       3d13      1%          3

Your spell library contained the following spells:

 Spells                   Type           Power      Damage    Failure   Level
 Shock                    Conj/Air       100%       1d9       1%          1
 Sting                    Tmut/Pois      100%       1d8       2%          1
 Apportation              Tloc           60%        N/A       3%          1
 Corona                   Hex            8%         N/A       16%         1
 Static Discharge         Conj/Air       35%        N/A       3%          2
 Petrify                  Tmut/Erth      53%        N/A       4%          4
 Dazzling Flash           Conj/Hex       70%        N/A       6%          3
 Ignite Poison            Fire/Tmut/Pois 33%        N/A       7%          3
 Mephitic Cloud           Conj/Pois/Air  33%        N/A       8%          3
 Gell's Gravitas          Tloc           15%        N/A       9%          3
 Lesser Beckoning         Tloc           15%        N/A       9%          3
 Teleport Other           Tloc           30%        N/A       9%          3
 Iskenderun's Mystic Bla  Conj/Tloc      46%        2d10      9%          4
 Poisonous Vapours        Pois/Air       36%        N/A       12%         2
 Animate Armour           Summ/Erth      82%        N/A       13%         4
 Leda's Liquefaction      Hex/Erth       20%        N/A       13%         4
 Corpse Rot               Necr/Air       N/A        N/A       24%         2
 Ensorcelled Hibernation  Hex/Ice        16%        N/A       24%         2
 Call Canine Familiar     Summ           8%         N/A       43%         3
 Confusing Touch          Hex            8%         N/A       43%         3
 Swiftness                Air            8%         N/A       43%         3
 Tukima's Dance           Hex            8%         N/A       43%         3
 Vampiric Draining        Necr           4%         2d6       43%         3
 Lightning Bolt           Conj/Air       17%        1d32      50%         5
 Alistair's Intoxication  Tmut/Pois      20%        N/A       58%         5
 Manifold Assault         Tloc           30%        N/A       63%         5
 Airstrike                Air            4%         N/A       83%         4
 Dispel Undead            Necr           8%         3d8       83%         4
 Yara's Violent Unravell  Hex/Tmut       11%        3d6       83%         5
 Blade Hands              Tmut           17%        N/A       97%         6
 Metabolic Englaciation   Hex/Ice        4%         N/A       99%         5
 Summon Mana Viper        Hex/Summ       8%         N/A       99%         5
 Invisibility             Hex            8%         N/A       100%        6
 Malign Gateway           Summ/Tloc      9%         N/A       100%        7
 Infestation              Necr           4%         N/A       100%        8
 Shatter                  Erth           32%        3d26*     100%        9
 Statue Form              Tmut/Erth      Unusable   N/A       N/A         6

Dungeon Overview and Level Annotations

Branches:
Dungeon (13/15)            Temple (1/1) D:4            Lair (6/6) D:9
 Shoals (0/4) Lair:4        Snake (0/4) Lair:3        Slime (0/5) Lair:5
    Orc (0/2) D:12         Vaults (0/5) D:13

Altars:
Ashenzari
Cheibriados
Dithmenos
Elyvilon
Fedhas
Gozag
Hepliaklqana
Kikubaaqudgha
Makhleb
Nemelex Xobeh
Okawaru
Qazlal
Ru
Sif Muna
Trog
Uskayaw
Vehumet
Wu Jian
Xom
Yredelemnul
Zin
The Shining One
Beogh

Shops:
D:12 [

Annotations:
D:8 1 runed translucent door, nj0rd12's ghost, novice MiFi
Lair:5 2 transporters, Ycoiwk's ghost, journeyman OpVM


Innate Abilities, Weirdness & Mutations

Your stone body is resilient. (AC +11)
You are immune to poison.
Your large and strong wings let you fly.
You resist negative energy. (rN+)
You are resistant to electric shocks. (rElec)
You are resistant to unholy torment.
You can survive without breathing.
You are immune to petrification.
You have supernaturally acute eyesight. (SInv)
Your muscles are strong. (Str +2)


Message History

The tengu warrior shouts!
You hear a shout! x2
The faun changes into an elephant!
A frost giant opens the door.
A deep troll earth mage opens the door.
The ettin moves out of view.
The tengu reaver shouts!
Found seven items.
A fire giant, a deep troll earth mage and a tengu reaver come into view.
The fire giant is wielding a +2 great sword of flaming.
The deep troll earth mage shouts!
The human changes into a polar bear!
The deep troll earth mage gestures at the manticore while chanting.
The stone door frame shatters!
The blast of rock fragments hits you but does no damage.
A flayed ghost opens the door.
The deep troll earth mage moves out of view.
The ettin shouts in stereo!
There is a huge open gate here.
A yaktaur captain comes into view.
The yaktaur captain shouts!
A frost giant opens the door.
The tengu reaver points at you and mumbles some strange words.
The bolt of cold misses the polar bear.
The bolt of cold hits you!!!
A deep troll earth mage opens the door.
The yaktaur captain moves out of view.
As you read the scroll of fog, it crumbles to dust.
The scroll dissolves into smoke.
Something unseen opens the door.
A flayed ghost opens the door.
A deep troll earth mage opens the door.
A yaktaur captain opens the door.
Things that are here:
21 arrows; a +0 shortbow The frost giant points at you and mumbles some strange words.
The bolt of cold hits you.
There is an open door here.
Some rock shatters into small pieces.
The deep troll earth mage casts a spell next to the manticore.
Some rock shatters into small pieces.
The tengu reaver points at you and mumbles some strange words.
The bolt of lightning hits you! You resist.
The frost giant casts a spell at you. The bolt of cold hits you!!!
Ouch! That really hurt!
You die...

.#.#..#...#....§§§§§§#'#'##..#...
.##.###...#....TT§§§§#.......'.p.
.######...#...##§§##Q#.......#...
.# #.....#...#.H§§#Q#..(....####
.# #.....'...#...[.C#...........
#####....##...#....'[#...........
.........#....#..(.#.#...........
########.#....#....#.#...........
#.#....#.@..#.#..........)
#.####.#<...#.#....#######
#....#.#.[..#.#....#......
###....'.#....#.#....#......
#......#.######.#....'......
######.#....#).......#....#######
.......(.[...........###.........
≈≈≈≈....[≈≈≈≈..........#.........
≈≈≈≈≈...[≈≈≈≈≈.........#.........


You could see a frost giant, 2 tengu reavers and a manticore.

Vanquished Creatures
  Frances (D:12)
  Kirke (D:13)
  Nessos (Lair:6)
  5 vault guards (D:13)
  7 hydras
  A boulder beetle (D:13)
  A catoblepas (Lair:2)
  5 two-headed ogres
  An ogre mage (D:13)
  2 centaur warriors
  A tengu warrior (D:12)
  A deep elf knight (D:13)
  A skeletal warrior (D:13)
  An obsidian statue (D:12)
  A wolf spider zombie (D:13)
  A deep elf pyromancer (D:13)
  An orc sorcerer (D:13)
  An oklob plant (Lair:3)
  4 manticores
  8 elephants
  3 ugly things
  6 black mambas
  A gargoyle (D:13)
  A cane toad (shapeshifter) (D:13)
  4 rime drakes
  2 unseen horrors
  Psyche (D:12)
  A kobold demonologist (D:12)
  9 cane toads
  Maggie (Lair:2)
  2 centaur skeletons (D:13)
  8 komodo dragons
  A queen bee (D:10)
  A tengu conjurer (D:13)
  4 trolls
  A wind drake (Lair:4)
  4 hornets
  5 polar bears
  15 slime creatures
  19 blink frogs
  2 dream sheep (Lair:6)
  A meliai zombie (D:13)
  16 spriggans
  7 shadows
  4 flying skulls (D:13)
  39 yaks
  A yak (shapeshifter) (D:5)
  8 wraiths (D:13)
  6 wyverns
  4 steam dragons
  7 basilisks
  Menkaure (D:6)
  An acid dragon (D:10)
  A two-headed ogre zombie (D:12)
  Duvessa (D:6)
  23 water moccasins
  3 orc warriors
  A sky beast (D:7)
  4 black bears
  A hornet zombie (D:8)
  2 ice beasts
  5 boggarts (Lair:6)
  3 necrophages
  24 wolves
  7 centaurs
  4 ogres
  2 phantoms
  A kobold brigand (D:10)
  10 bullfrogs
  4 scorpions
  Dowan (D:6)
  A water moccasin zombie (D:5)
  A wyvern skeleton (D:7)
  2 troll zombies (D:12)
  3 wights (D:13)
  23 killer bees
  2 electric eels
  A howler monkey (D:9)
  3 bullfrog zombies
  11 centaur zombies
  4 jellies
  3 orc priests
  A hound (D:4)
  3 iguanas
  Ijyb (D:4)
  Crazy Yiuf (D:3)
  Natasha (D:2)
  3 hell rats
  10 orc wizards
  5 ogre zombies (D:12)
  A howler monkey zombie (D:9)
  Robin (D:3)
  3 gnolls (D:3)
  A howler monkey skeleton (D:6)
  10 adders
  14 river rats
  A shadow imp (D:7)
  A white imp (D:5)
  A worm (D:3)
  2 dart slugs
  48 orcs
  4 ball pythons
  5 endoplasms
  17 giant cockroaches
  8 hobgoblins
  9 jackals
  4 quokkas
  4 bats
  6 frilled lizards
  17 goblins
  A goblin skeleton (D:12)
  3 goblin zombies (D:12)
  3 hobgoblin zombies (D:12)
  6 kobolds
  2 orc skeletons (D:12)
  16 orc zombies (D:12)
  14 rats
609 creatures vanquished.

Vanquished Creatures (others)
  2 centaur skeletons (D:13)
  A human (D:13)
  83 fungi
  167 plants
253 creatures vanquished.

Grand Total: 862 creatures vanquished

Notes
Turn   | Place    | Note
-------+----------+-------------------------------------------
     0 | D:1      | LordDeathwing the Gargoyle Earth Elementalist began the
                  | quest for the Orb.
     0 | D:1      | Reached XP level 1. HP: 10/10 MP: 3/3
   157 | D:1      | Reached XP level 2. HP: 15/15 MP: 3/5
   617 | D:1      | Reached XP level 3. HP: 19/19 MP: 4/6
   771 | D:1      | Learned a level 3 spell: Stone Arrow
   774 | D:1      | Learned a level 2 spell: Passwall
  1235 | D:2      | Reached skill level 1 in Conjurations
  1442 | D:2      | Reached XP level 4. HP: 12/24 MP: 4/7
  1773 | D:2      | Found a faded altar of an unknown god.
  1834 | D:2      | Noticed Natasha
  1844 | D:2      | Gained mutation: You have supernaturally acute eyesight.
                  | (SInv) [potion of mutation]
  1844 | D:2      | Gained mutation: Your muscles are strong. (Str +2) [potion
                  | of mutation]
  2784 | D:3      | Noticed Robin
  2798 | D:3      | Killed Robin
  2799 | D:3      | Reached XP level 5. HP: 26/28 MP: 0/8
  3350 | D:3      | Reached skill level 5 in Earth Magic
  3628 | D:2      | Killed Natasha
  3661 | D:3      | Reached XP level 6. HP: 32/32 MP: 7/10
  3864 | D:3      | Found a runed translucent door.
  3865 | D:3      | Noticed Crazy Yiuf
  3870 | D:3      | Killed Crazy Yiuf
  4243 | D:4      | Learned a level 5 spell: Lee's Rapid Deconstruction
  4374 | D:4      | Found a staircase to the Ecumenical Temple.
  4384 | D:4      | Noticed a necrophage
  4386 | Temple   | Entered the Ecumenical Temple
  4505 | Temple   | Became a worshipper of Sif Muna the Loreminder
  4545 | D:4      | Killed a necrophage
  4618 | D:4      | Reached skill level 1 in Fighting
  4618 | D:4      | Reached XP level 7. HP: 33/38 MP: 5/11
  4736 | D:4      | Noticed Ijyb
  4741 | D:4      | Killed Ijyb
  4742 | D:4      | Reached skill level 1 in Staves
  5810 | D:5      | Entered Level 5 of the Dungeon
  5910 | D:5      | Reached XP level 8. HP: 44/44 MP: 5/13
  6167 | D:5      | Reached skill level 1 in Armour
  6896 | D:5      | Reached skill level 5 in Stealth
  6901 | D:5      | Noticed a shapeshifter
  6901 | D:5      | an ice beast changed into a shapeshifter
  6901 | D:5      | Noticed a yak
  6901 | D:5      | a shapeshifter changed into a yak
  6903 | D:5      | Killed a yak
  7452 | D:6      | Reached * piety under Sif Muna
  7511 | D:6      | Reached XP level 9. HP: 51/51 MP: 8/15
  7601 | D:6      | Reached skill level 1 in Transmutations
  7649 | D:6      | Reached skill level 1 in Invocations
  8035 | D:6      | Noticed Menkaure
  8038 | D:6      | Killed Menkaure
  8296 | D:6      | Noticed Duvessa
  8296 | D:6      | Noticed Dowan
  8317 | D:6      | Killed Duvessa
  8320 | D:6      | Killed Dowan
  8653 | D:6      | Reached skill level 5 in Fighting
  9119 | D:7      | Reached skill level 5 in Spellcasting
  9200 | D:7      | Noticed a two-headed ogre
  9211 | D:7      | Killed a two-headed ogre
  9212 | D:7      | Reached XP level 10. HP: 60/60 MP: 2/17
  9974 | D:8      | Noticed a two-headed ogre
  9981 | D:8      | Killed a two-headed ogre
  9982 | D:8      | Reached skill level 5 in Armour
 10102 | D:8      | Reached skill level 5 in Staves
 10590 | D:8      | Found a runed translucent door.
 10638 | D:8      | Noticed nj0rd12's ghost (novice MiFi)
 10639 | D:8      | Identified the +7 trident "Hehemeg" {speed, Will+ Str+4}
 11103 | D:9      | Noticed a manticore
 11108 | D:9      | Killed a manticore
 11292 | D:9      | Reached ** piety under Sif Muna
 11324 | D:9      | Reached skill level 5 in Conjurations
 11519 | D:9      | Reached XP level 11. HP: 64/66 MP: 5/18
 11678 | D:9      | Found a staircase to the Lair.
 12132 | D:9      | Noticed a two-headed ogre
 12137 | D:9      | Killed a two-headed ogre
 12419 | D:10     | Entered Level 10 of the Dungeon
 12638 | D:10     | Found a burning altar of Makhleb.
 12840 | D:10     | Reached skill level 5 in Invocations
 13036 | D:10     | Reached *** piety under Sif Muna
 14178 | Lair:1   | Entered Level 1 of the Lair of Beasts
 15702 | Lair:2   | Noticed a catoblepas
 15714 | Lair:2   | Killed a catoblepas
 15858 | Lair:2   | Noticed a five-headed hydra
 15864 | Lair:2   | Killed a five-headed hydra
 15865 | Lair:2   | Reached XP level 12. HP: 62/73 MP: 6/19
 15892 | Lair:1   | Reached **** piety under Sif Muna
 16162 | Lair:2   | Reached skill level 5 in Transmutations
 16164 | Lair:2   | Identified the +0 leather armour "Soagumam" {Slay+3}
 16682 | Lair:2   | Noticed Maggie
 16689 | Lair:2   | Killed Maggie
 17964 | Lair:3   | Noticed a seven-headed hydra
 17975 | Lair:3   | Killed a seven-headed hydra
 18361 | Lair:3   | Reached ***** piety under Sif Muna
 18362 | Lair:3   | Reached skill level 10 in Earth Magic
 18447 | Lair:3   | Reached skill level 10 in Staves
 18447 | Lair:3   | Noticed a seven-headed hydra
 18572 | Lair:3   | Killed a seven-headed hydra
 18783 | Lair:3   | Reached XP level 13. HP: 55/80 MP: 5/20
 19082 | Lair:3   | Found a staircase to the Snake Pit.
 19192 | Lair:3   | Identified the +8 hunting sling of Apnaipho {flame, Drain
                  | rC+ rN+}
 19767 | Lair:4   | Found the macabre finger necklace {rN+}
 20085 | Lair:4   | Found a staircase to the Shoals.
 20314 | Lair:4   | You fall into a shaft and drop 1 floor!
 20314 | Lair:5   | Found a staircase to the Slime Pits.
 20322 | Lair:5   | Identified the +1 robe "Zoyplaf" {rElec}
 20601 | Lair:4   | Reached skill level 1 in Slings
 21635 | Lair:5   | Identified Sif Muna's Handbook of Unstable Dark Arts (Sif
                  | Muna gifted it to you on level 5 of the Lair of Beasts)
 21635 | Lair:5   | Received a gift from Sif Muna
 22386 | Lair:5   | Noticed Ycoiwk's ghost (journeyman OpVM)
 22392 | Lair:5   | Found a transporter.
 22502 | Lair:5   | Reached skill level 1 in Translocations
 22942 | Lair:5   | Found a transporter.
 23314 | Lair:5   | Found a bloodstained altar of Trog.
 23379 | Lair:6   | Entered Level 6 of the Lair of Beasts
 23442 | Lair:6   | Reached skill level 10 in Fighting
 24427 | Lair:6   | Gained mutation: Your large and strong wings let you fly.
                  | [Gargoyle growth]
 24427 | Lair:6   | Reached XP level 14. HP: 76/88 MP: 8/21
 25361 | Lair:6   | Noticed Nessos
 25881 | Lair:6   | Killed Nessos
 26153 | Lair:6   | Identified a scroll of acquirement
 26153 | Lair:6   | Acquired a book of the Earth
 26161 | Lair:6   | Learned a level 5 spell: Bolt of Magma
 26168 | Lair:6   | Learned a level 6 spell: Iron Shot
 26657 | D:11     | Reached skill level 1 in Fire Magic
 28446 | D:12     | Found a staircase to the Orcish Mines.
 28457 | D:12     | Identified the +8 hand crossbow "Yroedese" {venom, Will++
                  | Str-3}
 28701 | D:12     | Received a gift from Sif Muna
 28803 | D:12     | Found a snail-covered altar of Cheibriados.
 28803 | D:12     | Found Cheibriados's Comfort Zone.
 29013 | D:12     | Noticed Psyche
 29017 | D:12     | Killed Psyche
 29610 | D:12     | Noticed Frances
 30907 | D:12     | Killed Frances
 30908 | D:12     | Reached skill level 1 in Poison Magic
 31098 | D:12     | Found a gateway to a bazaar.
 31107 | Bazaar   | Entered a bazaar
 31153 | Bazaar   | Found Uluoscho's Assorted Antiques.
 31157 | Bazaar   | Found Nuplie's Weapon Boutique.
 31157 | Bazaar   | Found Gix Koer's Antique Weapon Boutique.
 31158 | Bazaar   | Found Wabiefy's Jewellery Boutique.
 31193 | Bazaar   | Bought a potion of curing for 48 gold pieces
 31193 | Bazaar   | Bought a potion of curing for 48 gold pieces
 31193 | Bazaar   | Bought a twisted scale mail for 144 gold pieces
 31193 | Bazaar   | Identified the +3 scale mail "Meesmetz" {rF+ Str+4} (You
                  | bought it in a shop in a bazaar)
 31193 | Bazaar   | Bought a knobbly jade ring for 80 gold pieces
 31237 | Bazaar   | Bought an iridescent rapier for 261 gold pieces
 31237 | Bazaar   | Identified the +1 rapier of Pyuxomue {flame, Dex+2} (You
                  | bought it in a shop in a bazaar)
 31237 | Bazaar   | Bought a dazzling rapier for 261 gold pieces
 31237 | Bazaar   | Identified the +3 rapier of Gukorot {vorpal, rN++ rCorr
                  | Int-3} (You bought it in a shop in a bazaar)
 31237 | Bazaar   | Bought an iridescent whip for 217 gold pieces
 31237 | Bazaar   | Identified the +7 whip of Ancient Evil {elec, Dex+3 Stlth+}
                  | (You bought it in a shop in a bazaar)
 31854 | D:13     | Found a huge runed gate.
 31855 | D:13     | Found a huge runed gate.
 31855 | D:13     | Found a huge runed gate.
 31856 | D:13     | Found a huge runed gate.
 31856 | D:13     | Found a huge runed gate.
 31857 | D:13     | Found a huge runed gate.
 31857 | D:13     | Found a huge runed gate.
 31857 | D:13     | Found a huge runed gate.
 31857 | D:13     | Found a huge runed gate.
 32254 | D:13     | Found a huge runed gate.
 32255 | D:13     | Found a huge runed gate.
 32581 | D:12     | Reached skill level 1 in Maces & Flails
 33029 | D:13     | Found a huge runed gate.
 33031 | D:13     | Found a huge runed gate.
 33033 | D:13     | Found a huge runed gate.
 33034 | D:13     | Found a huge runed gate.
 33036 | D:13     | Found a huge runed gate.
 33036 | D:13     | Found a huge runed gate.
 33036 | D:13     | Found a huge runed gate.
 33036 | D:13     | Found a huge runed gate.
 33036 | D:13     | Found a huge runed gate.
 33036 | D:13     | Found a huge runed gate.
 33039 | D:13     | Found a huge runed gate.
 33040 | D:13     | Found a huge runed gate.
 33041 | D:13     | Found a huge runed gate.
 33073 | D:13     | Found a huge runed gate.
 33074 | D:13     | Found a huge runed gate.
 33075 | D:13     | Found a huge runed gate.
 33083 | D:13     | Found a huge runed gate.
 33083 | D:13     | Found a huge runed gate.
 33094 | D:13     | Reached XP level 15. HP: 93/93 MP: 12/24
 33099 | D:13     | Learned a level 4 spell: Olgreb's Toxic Radiance
 33454 | D:13     | Identified the +3 morningstar of Jegi {vorpal, Str+7}
 34347 | D:13     | Found a gate to the Vaults.
 35155 | D:13     | Noticed Kirke
 35158 | D:13     | Killed Kirke
 35159 | D:13     | Reached skill level 10 in Conjurations
 35267 | D:13     | Reached skill level 5 in Fire Magic
 35451 | D:13     | Identified Hixzuiko's Tome of Dislocated Creation (Sif Muna
                  | gifted it to you on level 13 of the Dungeon)
 35451 | D:13     | Received a gift from Sif Muna
 36128 | D:13     | Noticed a shadow dragon
 36128 | D:13     | Noticed a storm dragon
 36128 | D:13     | Noticed a frost giant
 36128 | D:13     | Noticed a tengu reaver
 36129 | D:13     | Noticed a fire giant
 36129 | D:13     | Noticed a tengu reaver
 36139 | D:13     | Killed from afar by a frost giant

Illustrated notes

Levels and vault maps discovered:
D:1:      lightli_arrival_boilingwater, layout_rooms
D:2:      minmay_roachtagon, layout_basic, ebering_ecumenical_altar_abandoned,
          uniq_natasha
D:3:      layout_loops_ring, minmay_misc_feat_more_columns,
          hangedman_abyss_or_decor_lesser_grid, minmay_tree_intersection,
          uniq_robin, uniq_crazy_yiuf_cottage
D:4:      layout_loops_cross, minmay_temple_entry_ruins, uniq_ijyb
D:5:      layout_cave_pods
D:6:      layout_basic, uniq_menkaure, uniq_duvessa
D:7:      layout_loops_corners
D:8:      layout_basic, ebering_ghost_funeral_grove
D:9:      layout_roguey, grunt_lair_entry_orc_guard_hut, special_room
          [special_room_orc], minivault_11
D:10:     layout_gridville, kennysheep_little_box, special_room
          [special_room_bee], minmay_misc_feat_iff
D:11:     layout_irregular_city
D:12:     layout_small_grid, zombieorc2_lemuel, serial_shops, statue_bzr,
          minmay_shop_chei, uniq_psyche, uniq_frances
D:13:     hangedman_screamer, layout_irregular_city,
          grunt_vaults_entry_fortified, door_vault, uniq_kirke
Temple:   kilobyte_greek_temple
Lair:1:   layout_regular_city, kennysheep_rathole
Lair:2:   layout_regular_city, kennysheep_abandoned_house, grunt_megastairs_3,
          uniq_maggie
Lair:3:   layout_chaotic_city, minmay_snake_entry_six_corridors, wad_woods_02,
          serial_bayou_shore_a, grunt_megastairs_5, minmay_lair_oklob_chamber,
          lemuel_fruit_fields
Lair:4:   layout_roguey, minmay_shoals_entry_beasts,
          chequers_serial_rivers_micro_c, eino_small_chamber_without_monster,
          minmay_stone_trees_small
Lair:5:   layout_roguey, minmay_slime_entry_pillars,
          gammafunk_ghost_wrathful_warriors
Lair:6:   minmay_lair_end_enchanted_forest, layout_loops_ring, serial_bayou,
          serial_bayou_pond_b, serial_bayou_lagoon_a, serial_bayou_crossing,
          serial_bayou_shore_b, uniq_nessos

Skill      XL: |  1  2  3  4  5  6  7  8  9 10 11 12 13 14 15 |
---------------+----------------------------------------------+-----
Earth Magic    | 4 5 6 8 9 10 11 12 | 12.0
Dodging        | 2 3 |  3.0
Conjurations   | 1 2 3 5 6 7 8 9 10 | 10.0
Stealth        | 3 4 5 6 7 8 |  8.0
Spellcasting   | 3 4 5 6 |  6.6
Fighting       | 1 2 3 6 8 9 10 | 10.5
Staves         | 1 3 4 6 8 10 11 12 | 12.3
Armour         | 2 4 5 6 7 8 |  8.6
Transmutations | 2 3 4 5 |  5.0
Invocations    | 3 4 6 7 8 |  8.0
Slings         | 2 |  2.5
Translocations | 2 4 |  4.0
Fire Magic     | 4 5 |  5.1
Poison Magic   | 1 3 |  3.4
Maces & Flails | 1 3 |  3.2

Action                   |  1- 3 |  4- 6 |  7- 9 | 10-12 | 13-15 || total
-------------------------+-------+-------+-------+-------+-------++-------
Melee: Unarmed           |    15 |       |       |       |       ||    15
       Dagger            |    13 |    32 |       |       |       ||    45
       Quarterstaff      |       |    12 |    77 |   206 |   329 ||   624
       Whip              |       |       |       |       |   174 ||   174
 Fire: Hunting sling     |       |       |       |       |    15 ||    15
Throw: Dart              |    58 |    74 |    16 |    14 |    29 ||   191
       Stone             |     1 |     7 |     8 |       |       ||    16
       Boomerang         |       |     4 |       |       |       ||     4
 Cast: Sandblast         |    39 |    60 |    16 |    46 |    25 ||   186
       Stone Arrow       |       |     7 |    86 |   212 |   336 ||   641
       Lee's Rapid Decon |       |       |       |    13 |    88 ||   101
       Iron Shot         |       |       |       |       |    19 ||    19
       Bolt of Magma     |       |       |       |       |    13 ||    13
Invok: Channel Magic     |       |       |       |       |     2 ||     2
Evoke: Wand              |       |       |       |       |     7 ||     7
  Use: Scroll            |       |     3 |     2 |     6 |    23 ||    34
       Potion            |       |     2 |       |       |     3 ||     5
 Stab: Distracted        |       |     1 |       |       |     1 ||     2
       Confused          |       |       |       |       |     1 ||     1
Armor: Robe              |    19 |    30 |     5 |       |       ||    54
       Ring mail         |       |       |    38 |   236 |   292 ||   566
       Scale mail        |       |       |       |       |   143 ||   143
Dodge: Dodged            |    26 |    39 |    45 |   220 |   354 ||   684
       Repelled          |       |       |       |       |     8 ||     8

Table legend: (Time is in decaauts)
 A = Elapsed time spent in this place.
 B = Non-inter-level travel time spent in this place.
 C = Inter-level travel time spent in this place.
 D = Time resting spent in this place.
 E = Time spent auto-exploring this place.
 F = Levels seen in this place.
 G = Mean time per level.
                   A        B        C        D        E       F      G
               +--------+--------+--------+--------+--------+-----+--------+
         Total |  36095 |  35253 |    842 |   9751 |  17051 |  21 | 1718.8 |
       Dungeon |  23807 |  23174 |    633 |   6493 |  10599 |  13 | 1831.3 |
        Temple |    153 |    153 |      0 |      0 |    114 |   1 |  153.0 |
          Lair |  11938 |  11730 |    208 |   3232 |   6266 |   6 | 1989.7 |
        Bazaar |    196 |    196 |      0 |     26 |     72 |   1 |  196.0 |
               +--------+--------+--------+--------+--------+-----+--------+

Top non-repeatable levels by time:
    D:12: 3593 daAuts
    D:13: 3145 daAuts
  Lair:6: 2619 daAuts
    D:11: 2418 daAuts
     D:9: 2194 daAuts
  Lair:2: 2038 daAuts
  Lair:4: 2033 daAuts
  Lair:3: 1836 daAuts
  Lair:5: 1780 daAuts
  Lair:1: 1631 daAuts
    D:10: 1611 daAuts
     D:4: 1541 daAuts
     D:2: 1511 daAuts
     D:6: 1467 daAuts
     D:5: 1459 daAuts
